 Dungeon Crawl Stone Soup version 0.20.0-7-g3b7b877 (webtiles) character file.

49 pirrif94 the Cudgeler (level 3, 0/36 HPs)
             Began as a Troll Berserker on May 29, 2017.
             Was a Believer of Trog.
             Slain by an orc
             ... wielding a +4 mace
              (8 damage)
             ... on level 2 of the Dungeon.
             The game lasted 00:18:17 (1857 turns).

pirrif94 the Cudgeler (Troll Berserker)             Turns: 1857, Time: 00:18:18

Health: 0/36       AC:  5    Str: 26    XL:     3   Next: 53%
Magic:  2/2        EV: 10    Int:  3    God:    Trog [**....]
Gold:   69         SH:  0    Dex:  9    Spells: 2/2 levels left

rFire    . . .     SeeInvis .   a - +0 mace
rCold    . . .     Gourm    +   (no shield)
rNeg     . . .     Faith    .   b - +0 animal skin
rPois    .         Spirit   .   (helmet restricted)
rElec    .         Reflect  .   (no cloak)
rCorr    .         Harm     .   (gloves unavailable)
MR       .....                  (boots unavailable)
Stlth    +.........             (no amulet)
Regen    0.6/turn               n - ring of wizardry
MPRegen  0.1/turn               (no ring)

@: no status effects
A: unfitting armour, claws 3, fast metabolism 3, gourmand, regeneration 1,
shaggy fur 1, tough skin 2
a: Berserk, Trog's Hand, Burn Spellbooks, Renounce Religion


You were on level 2 of the Dungeon.
You worshipped Trog.
Trog was pleased with you.
You were completely stuffed.

You visited 1 branch of the dungeon, and saw 3 of its levels.

You collected 69 gold pieces.

Inventory:

Hand Weapons
 a - a +0 mace (weapon)
 d - a +0 short sword
 g - a +0 short sword
 m - a +0 dagger
 p - a +0 club
 u - a cursed -1 club
 A - a +0 club
 B - a +0 dagger
 C - a +0 hand axe
 D - a +0 club
 E - a cursed -1 club
 G - a cursed +0 club
 H - a +0 hunting sling
Missiles
 i - 5 poisoned needles
 I - 18 stones (quivered)
Armour
 b - a +0 animal skin (worn)
 j - a +0 ring mail
 o - a +0 robe
 q - a +0 leather armour
 t - a +0 robe
 v - a +0 robe
Jewellery
 n - a ring of wizardry (left claw)
Wands
 l - a wand of confusion (25/48)
 x - a wand of lightning (12/15)
Scrolls
 e - 3 scrolls of identify {unknown}
 r - a scroll of remove curse {unknown}
 w - a scroll of blinking {unknown}
 y - 3 scrolls of noise {unknown}
 z - a scroll of magic mapping {unknown}
Potions
 f - a potion of heal wounds {unknown}
 k - 2 potions of agility {unknown}
 s - a potion of ambrosia {unknown}
Comestibles
 c - 2 bread rations
 h - 2 royal jellies
 F - 6 chunks of flesh


   Skills:
 + Level 2.7 Fighting
 + Level 3.4 Maces & Flails
 + Level 2.9 Dodging


You had 2 spell levels left.
You didn't know any spells.

Dungeon Overview and Level Annotations

Branches:
Dungeon (3/15)

Altars:
Elyvilon
Gozag

Annotations:
D:3 Robin


Innate Abilities, Weirdness & Mutations

You are too large for most types of armour.
You have claws for hands.
Your metabolism is lightning-fast.
You like to eat raw meat.
Your natural rate of healing is unusually fast.
You are covered in fur. (AC +1)
You have very tough skin. (AC +2)


Message History

The goblin closely misses you. The adder bites you but does no damage.
The goblin hits you but does no damage. The orc hits you but does no damage.
You climb upwards.
There is a stone staircase leading down, spattered with blood here.
You see here a goblin skeleton.
You can't go up here!
Unknown command.
You barely miss the goblin. The goblin hits you. The goblin barely misses you.
The adder bites you but does no damage. The goblin barely misses you.
The goblin hits you with a club. x2; The goblin closely misses you.
The orc hits you with an enchanted mace!
You sock the goblin!
You kill the goblin!
Trog accepts your kill. The adder barely misses you.
The goblin hits you but does no damage. The goblin barely misses you.
The adder bites you.
* * * LOW HITPOINT WARNING * * *
The goblin completely misses you. The goblin barely misses you.
The orc hits you with an enchanted mace!
You die...

.......#.#.....#..#...........#
.......#...#...##.#####..######
.......##..###..#.#####.##
#.###..##..##....<<.....#
#..........##........####
###..................#
#.###.....#........#
#.........#..gSo...#
###(......#...@...># ##
#..###......ggg...# .#
#........#........###
.###...#######.##......#
.##..### #..#......# ((..##
##........# ..### ###......#
### ########


You could see an adder, an orc and 4 goblins.

Vanquished Creatures
  2 dart slugs
  A leopard gecko (D:2)
  An orc (D:2)
  7 bats
  2 giant cockroaches
  7 hobgoblins
  2 kobolds
  4 frilled lizards
  9 goblins
  3 rats (D:1)
38 creatures vanquished.

Notes
Turn   | Place    | Note
-------+----------+-------------------------------------------
     0 | D:1      | pirrif94 the Troll Berserker began the quest for the Orb.
     0 | D:1      | Reached XP level 1. HP: 22/22 MP: 0/0
   316 | D:1      | Reached XP level 2. HP: 29/29 MP: 1/1
   840 | D:1      | Reached skill level 3 in Maces & Flails
  1203 | D:2      | Reached XP level 3. HP: 36/36 MP: 2/2
  1300 | D:2      | Reached ** piety under Trog
  1379 | D:2      | Found an opulent altar of Gozag.
  1480 | D:2      | Found a white marble altar of Elyvilon.
  1618 | D:3      | Noticed Robin
  1857 | D:2      | Slain by an orc

Skill      XL: |  1  2 |
---------------+-------+-----
Maces & Flails | 3 |  3.4
Fighting       | |  2.7
Dodging        | |  2.9

Action                   || total
-------------------------++-------
Melee: Mace              ||   124
  Eat: Chunk             ||    23
Armor: Animal skin       ||   123
Dodge: Dodged            ||   157
